 Dungeon Crawl Stone Soup version 0.16-a0-253-g996e5b4 (webtiles) character file.

29 Qrupt the Charlatan (level 3, -3/22 HPs)
             Began as a Halfling Artificer on Aug 23, 2014.
             Slain by Ijyb the orange rat (12 damage)
             ... on Level 1 of the Dungeon.
             The game lasted 00:01:52 (1070 turns).

Qrupt the Charlatan (Halfling Artificer)            Turns: 1070, Time: 00:01:52

HP  -3/22        AC  3     Str 11      XL: 3   Next: 32%
MP   4/4         EV 13     Int 11      God:
Gold 58          SH  0     Dex 15      Spells:  0 memorised,  2 levels left

rFire  . . .     SeeInvis .     a - +0 short sword
rCold  . . .     Clarity  .     e - +0 leather armour
rNeg   . . .     rCorr    .     (no shield)
rPois  .         rRot     .     (no helmet)
rElec  .         Spirit   .     (no cloak)
SustAb .         Warding  .     (no gloves)
rMut   .         Stasis   .     (no boots)
Gourm  .                        (no amulet)
MR     .....                    (no ring)
                                (no ring)

@: not resistant to hostile enchantments, unstealthy
A: mutation resistance 1
a: no special abilities


You were on level 1 of the Dungeon.
You were hungry.

You visited 1 branch of the dungeon, and saw 2 of its levels.

You collected 58 gold pieces.

Inventory:

Hand weapons
 a - a +0 short sword (weapon)
Armour
 e - a +0 leather armour (worn)
Magical devices
 b - a wand of flame (14)
 c - a wand of enslavement (15)
 d - a wand of random effects (14)
Comestibles
 f - 2 bread rations
Scrolls
 i - 3 scrolls of identify {unknown}
 j - a scroll of fog {unknown}
 l - a scroll of random uselessness {unknown}
Jewellery
 n - an uncursed ring of fire {unknown}
Potions
 g - a potion of haste {unknown}
 h - a potion of restore abilities {unknown}
 k - 2 potions of agility {unknown}
 m - a potion of confusion {unknown}
 o - a potion of mutation {unknown}
 p - a potion of might {unknown}


   Skills:
 - Level 0.8 Fighting
 + Level 2.3 Short Blades
 + Level 2.9 Dodging
 - Level 1.0 Stealth
 + Level 3.5 Evocations


You had 2 spell levels left.
You didn't know any spells.

Dungeon Overview and Level Annotations

Branches:
Dungeon (2/15)

Altars:

Annotations:
D:1 Ijyb


Innate Abilities, Weirdness & Mutations

You are small and have problems with some larger weapons.
You are somewhat resistant to further mutation.


Message History

Ijyb zaps a wand.
You resist.
You closely miss the rat. The rat barely misses you.
You feel less confused.
You hit the rat but do no damage. The rat barely misses you.
You hit the rat.
You kill the rat!
Ijyb zaps a wand.
You resist.
Evoke which item? (* to show all) (? for menu, Esc to quit)
Zapping:
d - a wand of random effects (15)
Press: ? - help, Shift-Dir - straight line, f - Ijyb
Aim: Ijyb, wielding a glowing club and wearing a leather armour Ijyb evaporates and reforms as an orange rat!
This wand has 14 charges left.
Ijyb closely misses you.
Evoke which item? (* to show all) (? for menu, Esc to quit)
Zapping:
b - a wand of flame (15)
Press: ? - help, Shift-Dir - straight line, f/p - Ijyb
Aim: Ijyb the orange rat The puff of flame misses Ijyb.
This wand has 14 charges left.
Ijyb bites you!
Ouch! That really hurt!
You die...

.######.######..#####.###### ##
.##........%.#..##.........# #.
........####.#).##.##.##.#.# #.
###.#####.......##.##.##.#.# #.
#.# #.##%....#.##.##.#.# #>
###.### #.##......#........# #.
#....(# #.##.#.#.###..##.### #.
#.#.#.# #.##...r## ##....# ##
#.#.#.# #.####.#@###..####
#.#.#.# #.####g##.#.#.# #.....#
#...>w..##.##.# ### ###.###
####.....####.#### #..
#....######.......###.##.## #.#
#.#......#.........##.....#####.#
#......%...........'....)........
#.#...#.#..........####...#####.#
#.##......#.......## ##.## #.#


You could see Ijyb the orange rat.

Vanquished Creatures
  A giant mite (D:1)
  4 giant cockroaches (D:1)
  2 hobgoblins (D:1)
  A kobold (D:1)
  A ball python (D:1)
  5 bats (D:1)
  3 giant newts (D:1)
  3 goblins (D:1)
  3 rats (D:1)
23 creatures vanquished.

Notes
Turn   | Place    | Note
--------------------------------------------------------------
     0 | D:1      | Qrupt, the Halfling Artificer, began the quest for the Orb.
     0 | D:1      | Reached XP level 1. HP: 12/12 MP: 1/1
   271 | D:1      | Reached XP level 2. HP: 16/18 MP: 3/3
   549 | D:1      | Reached XP level 3. HP: 13/22 MP: 4/4
  1039 | D:2      | Noticed Ijyb
  1069 | D:1      | Noticed Ijyb
  1069 | D:1      | Ijyb changed into Ijyb the orange rat
  1070 | D:1      | Slain by Ijyb the orange rat

Action                   || total
-------------------------++-------
Melee: Short sword       ||    99
Evoke: Wand              ||     2
 Stab: Sleeping          ||     2
